 Dungeon Crawl Stone Soup version 0.25.1-9-gc5326a611f (webtiles) character file.

Game seed: 5367206952944899621

50 H0rd4k the Magician (level 3, 0/19 HPs)
             Began as a Deep Elf Wizard on Jan 14, 2021.
             Slain by an orc wizard
             ... wielding a +0 dagger
              (2 damage)
             ... on level 2 of the Dungeon.
             The game lasted 00:02:43 (2388 turns).

H0rd4k the Magician (Deep Elf Wizard)               Turns: 2388, Time: 00:02:43

Health: 0/19       AC:  2    Str:  4    XL:     3   Next: 55%
Magic:  2/12       EV: 13    Int: 23    God:
Gold:   30         SH:  0    Dex: 13    Spells: 4/13 levels left

rFire    . . .     SeeInvis .   (no weapon)
rCold    . . .     Gourm    .   (no shield)
rNeg     . . .     Faith    .   a - +0 robe
rPois    .         Spirit   .   b - +0 hat
rElec    .         Reflect  .   (no cloak)
rCorr    .         Harm     .   (no gloves)
MR       .....                  (no boots)
Stlth    ++........             (no amulet)
HPRegen  0.06/turn              (no ring)
MPRegen  0.13/turn              (no ring)

@: very slightly contaminated
A: no striking features
a: no special abilities


You were on level 2 of the Dungeon.
You were not hungry.

You visited 1 branch of the dungeon, and saw 3 of its levels.

You collected 30 gold pieces.

Inventory:

Armour
 a - a +0 robe (worn)
 b - a +0 hat (worn)
Scrolls
 c - 3 scrolls of identify {unknown}
 f - a scroll of teleportation {unknown}
 g - a scroll of amnesia {unknown}
 i - 2 scrolls of fear {unknown}
Potions
 e - a potion of lignification {unknown}
 h - a potion of ambrosia {unknown}
 j - a potion of magic {unknown}
 k - a potion of curing {unknown}
Comestibles
 d - 5 rations
 l - 2 chunks of flesh


   Skills:
 + Level 2.6 Dodging
 + Level 2.8 Stealth
 + Level 5.7 Spellcasting
 + Level 1.8 Conjurations
   Level 1.1 Summonings
 + Level 1.1 Translocations
 * Level 0.2 Air Magic


You had 4 spell levels left.
You knew the following spells:

 Your Spells              Type           Power        Failure   Level  Hunger
a - Magic Dart            Conj           ###.         4%          1    None
b - Blink                 Tloc           N/A          9%          2    None
c - Conjure Flame         Conj/Fire      ##......     19%         3    #......
d - Mephitic Cloud        Conj/Pois/Air  #.......     21%         3    #......

Your spell library contained the following spells:

 Spells                   Type           Power        Failure   Level  Hunger
 Call Imp                 Summ           ##......     9%          2    None
 Slow                     Hex            #.......     13%         2    None


Dungeon Overview and Level Annotations

Branches:
Dungeon (3/15)

Altars:


Message History

The orc wizard blinks!
Casting: Blink (safe; 9% risk of failure)
Confirm with . or Enter, or press ? or * to list all spells.
Aiming: Magic Dart (safe; 4% risk of failure)
Press: ? - help, Shift-Dir - straight line, f - orc wizard
Aim: an orc wizard, wielding a +0 dagger and wearing a +0 robe (lightly wounded, fast)
The magic dart hits the orc wizard.
The orc wizard is moderately wounded.
The orc wizard gestures at you while chanting.
The magic dart hits you!
* * * LOW HITPOINT WARNING * * *
Casting: Magic Dart (safe; 4% risk of failure)
Confirm with . or Enter, or press ? or * to list all spells.
Aiming: Magic Dart (safe; 4% risk of failure)
Press: ? - help, Shift-Dir - straight line, f/p - orc wizard
Aim: an orc wizard, wielding a +0 dagger and wearing a +0 robe (moderately wounded, fast)
The magic dart hits the orc wizard.
The orc wizard is severely wounded.
The orc wizard hits you with a +0 dagger.
You die...

#..≈≈≈♣_♣≈≈≈≈≈....#.#.# #.#
#..≈≈≈.≈♣≈≈≈≈..#####.#######..
#.≈≈≈≈≈≈≈≈≈≈...# #.......... ##
#.≈≈≈≈≈≈≈≈≈≈.≈#### #..#####... >#
#.≈≈≈≈≈≈≈≈≈≈.....###..#####.#.
.###.≈.≈≈≈≈.≈≈.≈≈##....#...(.....
.#.#.....≈≈÷....≈####.###.####.##
..#.#.#.##>##.##o# ##.#.#####.#.
.###..#.##.##.##@# ##......<.#.
..#.###.##.......# #...######.
.#.## #.##.##.#### #...# #. ####
#.##.##.# #..># #.
..#####.......# #...######.
#......###.###### #.......>#.
#..)...##.......#######...####.##
#......##..####.#..........<....#
#.......).....#..................


You could see an orc wizard (fast).

Vanquished Creatures
  2 adders (D:2)
  A dart slug (D:1)
  An orc (D:3)
  A ball python (D:1)
  3 goblins
  4 hobgoblins
  4 jackals
  4 bats
  3 frilled lizards
  3 kobolds (D:1)
  4 rats
  A toadstool (D:1)
31 creatures vanquished.

Vanquished Creatures (others)
  3 toadstools (D:1)
3 creatures vanquished.

Grand Total: 34 creatures vanquished

Notes
Turn   | Place    | Note
-------+----------+-------------------------------------------
     0 | D:1      | H0rd4k the Deep Elf Wizard began the quest for the Orb.
     0 | D:1      | Reached XP level 1. HP: 10/10 MP: 7/7
   722 | D:1      | Reached skill level 5 in Spellcasting
   722 | D:1      | Reached XP level 2. HP: 15/15 MP: 8/10
  1322 | D:2      | You fall into a shaft and drop 1 floor!
  1377 | D:2      | Found a faded altar of an unknown god.
  1407 | D:2      | Reached XP level 3. HP: 16/19 MP: 2/11
  1411 | D:2      | Learned a level 2 spell: Blink
  1415 | D:2      | Learned a level 3 spell: Conjure Flame
  1419 | D:2      | Learned a level 3 spell: Mephitic Cloud
  2388 | D:2      | Slain by an orc wizard

Illustrated notes

Levels and vault maps discovered:
D:1:      ldierk_water_garden, layout_basic
D:2:      layout_loops_cross, chequers_ecumenical_altar_island
D:3:      layout_rooms, grunt_temple_overflow_open,
          chequers_serial_rivers_micro_d

Skill      XL: |  1 |
---------------+----+-----
Spellcasting   | 5 |  5.7
Dodging        | |  2.6
Stealth        | |  2.8
Conjurations   | |  1.8
Summonings     | |  1.1
Translocations | |  1.1
Air Magic      | |  0.2

Action                   || total
-------------------------++-------
Melee: Unarmed           ||     3
 Cast: Magic Dart        ||    82
       Blink             ||     1
  Eat: Chunk             ||     4
Armor: Robe              ||     2
Dodge: Dodged            ||    14
